 Dungeon Crawl Stone Soup version 0.24.0-123-gd5b16e6ec5 (webtiles) character file.

Game seed: 2996851007330838074, levelgen mode: deterministic

14935 Amplified the Slicer (level 11, -7/87 HPs)
             Began as a Centaur Earth Elementalist on Feb 2, 2020.
             Was a Priest of Nemelex Xobeh.
             Mangled by a sixfirhy (10 damage)
             ... summoned by the player character
             ... on level 10 of the Dungeon.
             The game lasted 00:26:21 (12448 turns).

Amplified the Slicer (Centaur Earth Elementalist)  Turns: 12448, Time: 00:26:21

Health: -7/87      AC: 16    Str: 16    XL:     11   Next: 95%
Magic:  1/15       EV:  9    Int: 18    God:    Nemelex Xobeh [***...]
Gold:   672        SH:  0    Dex: 12    Spells: 16/18 levels left

rFire    + . .     SeeInvis .   x - +3 dagger (elec)
rCold    + . .     Gourm    .   (no shield)
rNeg     + . .     Faith    .   o - +6 scale mail of Cyinnuy {+Inv rN+ Str+4 Int-2}
rPois    .         Spirit   .   (helmet restricted)
rElec    .         Reflect  .   I - scarf {rC+ rF+}
rCorr    .         Harm     +   k - +2 pair of gloves
MR       .....                  (no barding)
Stlth    ..........             s - amulet of harm
HPRegen  0.24/turn              n - ring of wizardry
MPRegen  0.14/turn              G - +4 ring of intelligence

@: very quick
A: large, antennae 1, hooves 3, clever 1, deformed body, speed 2, frail 1, low
mp 1, mutation resistance 1, tough skin 3, MP-powered wands, sturdy frame 1
a: Draw Escape, Draw Destruction, Draw Summoning, Triple Draw, Renounce
Religion, Evoke Invisibility


You were on level 10 of the Dungeon.
You worshipped Nemelex Xobeh.
Nemelex Xobeh was most pleased with you.
You were not hungry.

You visited 2 branches of the dungeon, and saw 12 of its levels.

You collected 672 gold pieces.

Inventory:

Hand Weapons
 a - a +2 short sword of venom
 x - a +3 dagger of electrocution (weapon)
 B - a +0 shortbow
Missiles
 b - 302 stones
 y - 33 poisoned darts (quivered)
 C - 105 arrows
Armour
 g - the +6 scale mail "Koureew" {MP+9 Dex+3}
   (You found it on level 4 of the Dungeon)

   It affects your dexterity (+3).
   It affects your magic capacity (+9).
 k - a +2 pair of gloves (worn)
 l - a +2 cloak
 o - the +6 scale mail of Cyinnuy (worn) {+Inv rN+ Str+4 Int-2}
   (You found it on level 8 of the Dungeon)

   It affects your strength (+4).
   It affects your intelligence (-2).
   It protects you from negative energy.
   It lets you turn invisible.
 I - a scarf of resistance (worn)
Jewellery
 n - a ring of wizardry (left hand)
 s - an amulet of harm (around neck)
 w - an uncursed ring of poison resistance {unknown}
 E - an uncursed amulet of the gourmand
 G - a +4 ring of intelligence (right hand)
 J - an uncursed ring of see invisible {unknown}
Wands
 q - a wand of flame (33)
 u - a wand of enslavement (3)
 K - a wand of random effects (12)
Scrolls
 e - a scroll of blinking
 h - 4 scrolls of teleportation
 m - 6 scrolls of remove curse
 p - a scroll of fear
 A - 3 scrolls of magic mapping
Potions
 i - 3 potions of ambrosia
 j - 2 potions of magic
 r - 6 potions of lignification
 v - a potion of brilliance
 F - 2 potions of flight
Comestibles
 d - 14 rations


   Skills:
 - Level 9.3 Fighting
 * Level 12.0 Short Blades
 - Level 5.2 Armour
 - Level 2.6 Dodging
 - Level 1.1 Stealth
 - Level 4.0 Spellcasting
 - Level 0.8 Transmutations
 - Level 2.7 Earth Magic
 - Level 6.5 Invocations


You had 16 spell levels left.
You knew the following spells:

 Your Spells              Type           Power        Failure   Level  Hunger
a - Passwall              Tmut/Erth      ##......     9%          2    ##.....

Your spell library contained the following spells:

 Spells                   Type           Power        Failure   Level  Hunger
 Sandblast                Erth           ##....       4%          1    None
 Beastly Appendage        Tmut           #.....       9%          1    None
 Sticks to Snakes         Tmut           #.......     13%         2    ##.....
 Stone Arrow              Conj/Erth      #.....       21%         3    ###....
 Spider Form              Tmut/Pois      #.........   30%         3    ###....
 Petrify                  Tmut/Erth      ##......     50%         4    ####...
 Ice Form                 Ice/Tmut       #.......     67%         4    ####...
 Lee's Rapid Deconstruct  Erth           ##........   71%         5    ######.
 Blade Hands              Tmut           #.........   91%         5    ######.


Dungeon Overview and Level Annotations

Branches:
Dungeon (11/15)            Temple (1/1) D:6            Lair (0/6) D:9
    Orc: D:9-12

Altars:
Ashenzari
Cheibriados
Dithmenos
Elyvilon
Fedhas
Gozag
Hepliaklqana
Kikubaaqudgha
Makhleb
Nemelex Xobeh
Okawaru
Qazlal
Ru
Sif Muna
Trog
Uskayaw
Vehumet
Wu Jian
Xom
Yredelemnul
Zin
The Shining One

Shops:
D:6 :   D:9 %

Annotations:
D:10 playitleo's ghost, journeyman GrFi
Temple Consider ranged god


Innate Abilities, Weirdness & Mutations

You have hooves in place of feet.
Armour fits poorly on your strangely shaped body.
You cover ground very quickly.
You have extremely tough skin. (AC +3)
You have a pair of small antennae on your head.
Your mind is acute. (Int +2)
You are frail. (-10% HP)
Your magical capacity is low. (-10% MP)
You are somewhat resistant to further mutation.
You expend magic power (3 MP) to strengthen your wands.
Your movements are slightly less encumbered by armour. (ER -2)


Message History

Evoke which item? (* to show all) (? for menu, Esc to quit)
Aiming: Throw Flame
Press: ? - help, Shift-Dir - straight line You feel a surge of power!
The puff of flame hits playitleo's ghost but does no damage.
Playitleo's ghost is severely damaged.
You draw a card...
You have drawn the Pentagram.
The sixfirhy hits you but does no damage.
The sixfirhy hits you!
* * * LOW HITPOINT WARNING * * *
The sixfirhy shocks you!
* * * LOW HITPOINT WARNING * * *
Playitleo's ghost hits your rakshasa!!
Unknown command.
The sixfirhy hits you but does no damage.
The sixfirhy hits you.
* * * LOW HITPOINT WARNING * * *
The sixfirhy shocks you!
You die...
Your body glows with a rainbow of weird colours and disappears.

#.......# #..#
#...# #.
#......)# #..#
#...# #.
#.#####.#####..#
#...# #. #.#
#.)......# #^..#
#. #.#
#).####..# #...#
#. #.# #..# #..#
#...# #. #.#
#..# #..# #...#
#. #.# #..# #..#
#...# #. #.#
#..# #@3# #...#
#. #.# #..# #..#
#...# #. #.#
#..# #..# #...#
#. #.# #..# #.R#
#...# #. #.#
#..# #.W# #...#
#. #.# #..# #@@#
#...# #. #.#
#..# #..# #...#
#. #.# #..# #..#
#...# #. #.#
#..# #..# #...#
#.


You could see a sixfirhy, playitleo's ghost, a friendly rakshasa and 2 friendly
Amplified's illusions.

Vanquished Creatures
  A glowing orange brain (D:10)
  Pikel (D:8)
  An obsidian statue (D:11)
  A harpy (D:9)
  The ghost of tamionv the Shield-Bearer, a novice FoFi of Makhleb (D:5)
  6 ugly things (D:10)
  Joseph (D:8)
  The ghost of ploerhuhn the Poker, a novice GrFi of Gozag (D:4)
  2 hornets
  2 hippogriffs
  Sigmund (D:6)
  A wyvern (D:9)
  A spriggan (D:7)
  13 yaks
  A neqoxec (D:10)
  A hungry ghost (D:11)
  An eye of draining (D:7)
  7 ice beasts
  4 ogres
  2 slaves (D:8)
  2 phantoms
  2 orc warriors
  2 sky beasts
  4 necrophages (D:7)
  A centaur (shapeshifter) (D:10)
  5 centaurs
  A boggart (shapeshifter) (D:10)
  4 big kobolds
  7 bullfrogs
  A water moccasin skeleton (D:9)
  3 scorpions
  4 killer bees (D:8)
  11 wights
  4 howler monkeys
  3 electric eels (D:8)
  5 crimson imps
  2 bullfrog zombies
  3 jellies
  8 hounds
  8 orc wizards
  Crazy Yiuf (D:2)
  A bullfrog skeleton (D:11)
  A jelly (shapeshifter) (D:10)
  4 orc priests
  2 centaur skeletons
  Terence (D:2)
  7 iguanas
  Natasha (thrice) (D:1)
  8 worker ants
  A bullfrog simulacrum (D:8)
  2 hound zombies (D:6)
  2 worker ant zombies (D:7)
  6 gnolls
  A howler monkey skeleton (D:5)
  12 adders
  A shadow imp (D:10)
  A white imp (D:8)
  2 ufetubi (D:8)
  An adder zombie (D:7)
  A worm (D:2)
  2 dart slugs
  8 leopard geckos
  32 orcs
  10 bats
  6 giant cockroaches
  5 goblins
  8 hobgoblins
  7 jackals
  5 quokkas
  A ball python (D:1)
  7 frilled lizards
  A jackal zombie (D:7)
  27 kobolds
  A leopard gecko skeleton (D:6)
  10 rats
  A bush (D:7)
  2 fungi (D:2)
320 creatures vanquished.

Vanquished Creatures (collateral kills)
  A very ugly thing (D:10)
  The ghost of Zarkath the Conjurer, a novice TeVM (D:5)
2 creatures vanquished.

Vanquished Creatures (others)
  An ice beast (D:8)
  An orc priest (D:8)
  An orc (D:8)
  4 kobolds
  4 fungi (D:4)
  3 plants
14 creatures vanquished.

Grand Total: 336 creatures vanquished

Notes
Turn   | Place    | Note
-------+----------+-------------------------------------------
     0 | D:1      | Amplified the Centaur Earth Elementalist began the quest
                  | for the Orb.
     0 | D:1      | Reached XP level 1. HP: 14/14 MP: 3/3
    51 | D:1      | Reached skill level 1 in Fighting
   109 | D:1      | Reached XP level 2. HP: 23/23 MP: 0/4
   557 | D:1      | Reached XP level 3. HP: 29/29 MP: 5/5
   688 | D:2      | Noticed Natasha
   730 | D:1      | Killed Natasha
   730 | D:1      | Reached skill level 1 in Short Blades
   730 | D:1      | Reached XP level 4. HP: 26/37 MP: 7/7
   900 | D:1      | Noticed Natasha
   913 | D:1      | Killed Natasha
  1167 | D:1      | Noticed Natasha
  1176 | D:1      | Killed Natasha
  1441 | D:2      | Reached XP level 5. HP: 45/45 MP: 8/8
  1662 | D:2      | Noticed Terence
  1675 | D:2      | Killed Terence
  1719 | D:2      | Found a runed translucent door.
  1720 | D:2      | Noticed Crazy Yiuf
  1746 | D:2      | HP: 2/45 [Crazy Yiuf/+2 quarterstaff of chaos (7)]
  1748 | D:2      | Killed Crazy Yiuf
  1748 | D:2      | Reached skill level 2 in Short Blades
  2231 | D:3      | Found a shadowy altar of Dithmenos.
  2291 | D:3      | Found a sacrificial altar of Ru.
  2388 | D:3      | Found an opulent altar of Gozag.
  2437 | D:3      | Noticed a phantom
  2473 | D:4      | Found a runed translucent gate.
  2473 | D:4      | Found a runed translucent gate.
  2473 | D:4      | Found a runed translucent gate.
  2473 | D:4      | Noticed an ogre
  2487 | D:4      | Killed an ogre
  2487 | D:4      | Reached XP level 6. HP: 28/52 MP: 10/10
  2643 | D:4      | Noticed ploerhuhn's ghost (novice GrFi)
  2752 | D:4      | Got a smelly scale mail
  2763 | D:4      | Identified the +6 scale mail "Koureew" {MP+9 Dex+3} (You
                  | found it on level 4 of the Dungeon)
  2926 | D:4      | Reached skill level 3 in Short Blades
  3291 | D:5      | Entered Level 5 of the Dungeon
  3318 | D:5      | Reached XP level 7. HP: 59/60 MP: 12/12
  3326 | D:5      | Found a bloodstained altar of Trog.
  3773 | D:5      | Reached skill level 5 in Fighting
  3937 | D:5      | Reached skill level 4 in Short Blades
  4164 | D:5      | Found a runed translucent gate.
  4165 | D:5      | Found a runed translucent gate.
  4165 | D:5      | Found a runed translucent gate.
  4165 | D:5      | Noticed Zarkath's ghost (novice TeVM)
  4165 | D:5      | Noticed tamionv's ghost (novice FoFi)
  4252 | D:6      | Noticed Sigmund
  4494 | D:7      | Found a blossoming altar of Fedhas.
  4536 | D:7      | Reached skill level 1 in Armour
  4536 | D:7      | Reached XP level 8. HP: 65/69 MP: 14/14
  4694 | D:6      | Reached skill level 5 in Short Blades
  4776 | D:6      | Learned a level 2 spell: Passwall
  4793 | D:6      | Killed Sigmund
  4987 | D:6      | Found Hanunn's Book Shoppe.
  5026 | D:6      | Found a staircase to the Ecumenical Temple.
  5042 | D:6      | Reached XP level 9. HP: 74/78 MP: 15/15
  5066 | Temple   | Entered the Ecumenical Temple
  5246 | Temple   | Became a worshipper of Nemelex Xobeh the Trickster
  5365 | D:6      | Noticed a two-headed ogre
  5394 | D:6      | Received a gift from Nemelex Xobeh
  5484 | D:3      | Reached skill level 1 in Invocations
  5697 | D:3      | Reached skill level 6 in Short Blades
  7093 | D:8      | Noticed Joseph
  7102 | D:8      | Reached skill level 7 in Short Blades
  7104 | D:8      | Reached XP level 10. HP: 73/88 MP: 16/16
  7127 | D:8      | Killed Joseph
  7530 | D:8      | Reached * piety under Nemelex Xobeh
  7535 | D:8      | Noticed Pikel
  7559 | D:8      | Killed Pikel
  7559 | D:8      | Reached skill level 5 in Armour
  7559 | D:8      | Reached skill level 5 in Invocations
  7750 | D:8      | Received a gift from Nemelex Xobeh
  7844 | D:8      | Got a crude scale mail
  8352 | D:9      | Reached ** piety under Nemelex Xobeh
  8425 | D:9      | Paralysed by a hornet for 3 turns
  8527 | D:9      | Received a gift from Nemelex Xobeh
  8655 | D:9      | Found Sameo's Food Shop.
  8733 | D:9      | Reached skill level 8 in Short Blades
  8797 | D:9      | You fall into a shaft and drop 2 floors!
  8908 | D:11     | Found a runed translucent door.
  8933 | D:11     | Found a runed translucent door.
  8944 | D:11     | Found a runed translucent door.
  8961 | D:11     | Found a runed translucent door.
  9051 | D:10     | Entered Level 10 of the Dungeon
  9188 | D:10     | Found a runed translucent gate.
  9189 | D:10     | Noticed a purple ugly thing
  9190 | D:10     | Noticed a brown ugly thing
  9191 | D:10     | Found a runed translucent gate.
  9191 | D:10     | Found a runed translucent gate.
  9191 | D:10     | Noticed a glowing orange brain
  9191 | D:10     | Noticed a purple very ugly thing
  9191 | D:10     | Noticed a white ugly thing
  9191 | D:10     | Noticed a white ugly thing
  9192 | D:10     | Noticed a white ugly thing
  9192 | D:10     | Noticed a purple ugly thing
  9296 | D:10     | Reached *** piety under Nemelex Xobeh
  9297 | D:10     | Received a gift from Nemelex Xobeh
  9387 | D:10     | Reached XP level 11. HP: 84/97 MP: 17/17
  9528 | D:10     | Identified the +6 scale mail of Cyinnuy {+Inv rN+ Str+4
                  | Int-2} (You found it on level 8 of the Dungeon)
  9707 | D:10     | Reached skill level 9 in Short Blades
  9991 | D:10     | Gained mutation: You have a pair of small antennae on your
                  | head. [potion of mutation]
  9991 | D:10     | Gained mutation: Your mind is acute. (Int +2) [potion of
                  | mutation]
 10197 | D:9      | Found a staircase to the Lair.
 10219 | D:9      | Noticed a harpy
 10219 | D:9      | a komodo dragon changed into a harpy
 10227 | D:9      | Killed a harpy
 10717 | D:4      | Killed ploerhuhn's ghost
 10862 | D:5      | Killed Zarkath's ghost
 10867 | D:5      | Killed tamionv's ghost
 10867 | D:5      | Reached skill level 10 in Short Blades
 11119 | D:10     | Killed a cyan ugly thing
 11125 | D:10     | Killed a white ugly thing
 11130 | D:10     | Killed a glowing orange brain
 11134 | D:10     | Killed a red ugly thing
 11135 | D:10     | Killed a white ugly thing
 11141 | D:10     | Killed a red ugly thing
 11144 | D:10     | Killed a purple ugly thing
 11144 | D:10     | Reached skill level 11 in Short Blades
 11151 | D:10     | Killed a purple very ugly thing
 11238 | D:10     | Found a runed translucent gate.
 11238 | D:10     | Found a runed translucent gate.
 11244 | D:10     | Noticed playitleo's ghost (journeyman GrFi)
 11245 | D:10     | Found a runed translucent gate.
 11258 | D:10     | Gained mutation: Scrolls take you a little longer to read.
                  | [a neqoxec]
 11275 | D:10     | Gained mutation: You are frail. (-10% HP) [a neqoxec]
 11280 | D:10     | Gained mutation: Your magical capacity is low. (-10% MP) [a
                  | neqoxec]
 11282 | D:10     | Gained mutation: You occasionally shout uncontrollably at
                  | your foes. [a neqoxec]
 11394 | D:10     | Lost mutation: You occasionally shout uncontrollably at
                  | your foes. [potion of mutation]
 11394 | D:10     | Lost mutation: Scrolls take you a little longer to read.
                  | [potion of mutation]
 11394 | D:10     | Gained mutation: You expend magic power (3 MP) to
                  | strengthen your wands. [potion of mutation]
 11394 | D:10     | Gained mutation: Your movements are slightly less
                  | encumbered by armour. (ER -2) [potion of mutation]
 11394 | D:10     | Gained mutation: You are somewhat resistant to further
                  | mutation. [potion of mutation]
 11557 | D:11     | Received a gift from Nemelex Xobeh
 12110 | D:11     | Noticed an obsidian statue
 12114 | D:11     | Noticed a soul eater
 12123 | D:11     | Killed an obsidian statue
 12123 | D:11     | Reached skill level 12 in Short Blades
 12446 | D:10     | Noticed a sixfirhy
 12448 | D:10     | HP: 3/87 [sixfirhy[the player character] (6)]
 12448 | D:10     | Mangled by a sixfirhy

Levels and vault maps discovered:
D:1:      shiori_arrival_oz, layout_basic
D:2:      minmay_angry_zag, layout_rooms, first_ration, uniq_natasha,
          uniq_terence, uniq_crazy_yiuf_cottage
D:3:      layout_loops_ring, lemuel_doored_altar,
          nicolae_gozag_cash_rules_everything_around_me, kennysheep_path_1,
          grunt_dithmenos_smoke
D:4:      layout_loops_cross, gammafunk_ghost_nasty_kobolds
D:5:      layout_basic, gammafunk_ghost_cemetery, trog_three_pillars_becter
D:6:      cheibrodos_two_vegetables, layout_basic,
          minmay_temple_entry_glassed_door, serial_shops,
          nicolae_shop_behind_doors, roderic_batcave, corexii_hall_statues_i,
          uniq_sigmund
D:7:      layout_basic, serial_corexii_hall, chequers_hall_statues_y,
          corexii_hall_statues_x, the_bakery, fedhas_altar_decomposition
D:8:      layout_basic, serial_ice, serial_ice_f, serial_ice_a, serial_ice_g,
          serial_ice_c, hangedman_abyss_or_decor_stagger, uniq_pikel,
          uniq_joseph
D:9:      layout_roguey, david_lair_shrubbed, serial_shops,
          kennysheep_little_box
D:10:     layout_long_grid, ploomutoo_gammafunk_ghost_potion_laboratory
D:11:     layout_basic, st_stairs_11, chequers_serial_rivers_small_a,
          chequers_serial_rivers_small_3, minmay_statue_crystal_thing
Temple:   regret_index_temple_chain_breaker

Skill      XL: |  1  2  3  4  5  6  7  8  9 10 11 |
---------------+----------------------------------+-----
Fighting       | 1 2 3 4 5 6 8 9 |  9.3
Spellcasting   | 2 3 4 |  4.0
Short Blades   | 1 2 3 4 5 7 8 12 | 12.0
Armour         | 1 3 4 5 |  5.2
Invocations    | 4 6 |  6.5
Dodging        | 2 |  2.6
Stealth        | |  1.1
Transmutations | |  0.8
Earth Magic    | |  2.7

Action                   |  1- 3 |  4- 6 |  7- 9 | 10-12 || total
-------------------------+-------+-------+-------+-------++-------
Melee: Unarmed           |    38 |       |       |       ||    38
       Kick              |    10 |    34 |   123 |   119 ||   286
       Short sword       |    25 |   165 |   231 |       ||   421
       Dagger            |       |       |   212 |   458 ||   670
Throw: Stone             |     1 |     3 |       |       ||     4
       Dart              |       |       |       |    14 ||    14
 Cast: Sandblast         |    26 |       |       |       ||    26
 Abil: Draw Destruction  |       |       |     1 |    29 ||    30
       Draw Summoning    |       |       |       |    10 ||    10
       Draw Escape       |       |       |       |     2 ||     2
Evoke: Wand              |       |       |    11 |    29 ||    40
  Use: Scroll            |     5 |     5 |     7 |     9 ||    26
       Potion            |     1 |     2 |     1 |    15 ||    19
 Stab: Invisible         |       |     1 |       |     4 ||     5
       Confused          |       |       |     2 |     2 ||     4
       Distracted        |       |       |       |     1 ||     1
  Eat: Chunk             |       |     7 |     6 |    11 ||    24
       Ration            |       |       |     1 |     2 ||     3
Armor: Robe              |    36 |    19 |       |       ||    55
       Ring mail         |       |    31 |       |       ||    31
       Scale mail        |       |    14 |   251 |   189 ||   454
Dodge: Dodged            |    35 |    65 |   115 |   109 ||   324
